 Dungeon Crawl Stone Soup version 0.25.0-9-g26727b657a (webtiles) character file.

Game seed: 18139853224737515308

2127 kitty14015 the Chopper (level 9, -1/79 HPs)
             Began as a Minotaur Berserker on June 21, 2020.
             Was an Elder of Trog.
             Slain by an orc warrior
             ... wielding a +0 glaive
              (13 damage)
             ... on level 6 of the Dungeon.
             The game lasted 00:24:45 (6145 turns).

kitty14015 the Chopper (Minotaur Berserker)         Turns: 6145, Time: 00:24:46

Health: -1/79      AC: 15    Str: 22    XL:     9   Next: 8%
Magic:  8/8        EV:  8    Int:  4    God:    Trog [****..]
Gold:   291        SH:  0    Dex: 16    Spells: 8/8 levels left

rFire    . . .     SeeInvis .   p - +3 falchion (holy)
rCold    . . .     Gourm    .   (no shield)
rNeg     . . .     Faith    .   o - +0 plate armour
rPois    +         Spirit   .   (helmet restricted)
rElec    .         Reflect  .   (no cloak)
rCorr    .         Harm     .   i - +1 pair of gloves {Dex+3}
MR       ++...                  (no boots)
Stlth    ..........             (no amulet)
HPRegen  1.23/turn              C - ring of poison resistance
MPRegen  0.11/turn              (no ring)

@: regenerating
A: retaliatory headbutt, horns 2
a: Berserk, Trog's Hand, Brothers in Arms, Renounce Religion


You were on level 6 of the Dungeon.
You worshipped Trog.
Trog was greatly pleased with you.
You were not hungry.

You visited 1 branch of the dungeon, and saw 6 of its levels.

You collected 291 gold pieces.

Inventory:

Hand Weapons
 a - a +1 hand axe
 p - a +3 falchion of holy wrath (weapon)
 B - a +2 flail of protection
Missiles
 f - 171 stones
 m - 5 atropa-tipped darts (quivered)
 u - 10 poisoned darts
Armour
 b - a +0 animal skin
 i - a +1 pair of gloves of dexterity (worn)
 k - a +0 scale mail
 o - a +0 plate armour (worn)
Jewellery
 C - a ring of poison resistance (left hand)
Wands
 s - a wand of paralysis (6)
 A - a wand of disintegration (7)
 F - a wand of digging (6)
Scrolls
 d - a scroll of fear {unknown}
 e - a scroll of enchant armour {unknown}
 g - a scroll of amnesia {unknown}
 j - a scroll of teleportation
 l - 5 scrolls of remove curse
 r - a scroll of random uselessness {unknown}
 v - a scroll of immolation {unknown}
 w - a scroll of blinking {unknown}
 y - a scroll of magic mapping {unknown}
 D - a scroll of identify {unknown}
 E - a scroll of vulnerability {unknown}
Potions
 h - a potion of berserk rage {unknown}
 n - 2 potions of heal wounds
 q - a potion of stabbing {unknown}
 t - 2 potions of lignification {unknown}
 x - a potion of cancellation {unknown}
 z - a potion of curing {unknown}
Comestibles
 c - 6 rations


   Skills:
 + Level 7.2 Fighting
 + Level 7.3 Long Blades
 - Level 7.8 Axes
 + Level 2.7 Throwing
 + Level 7.1 Armour
 - Level 2.8 Dodging


You had 8 spell levels left.
You didn't know any spells.
Your spell library was empty.

Dungeon Overview and Level Annotations

Branches:
Dungeon (6/15)             Temple (0/1) D:6

Altars:
Ashenzari
Sif Muna
Wu Jian
The Shining One


Innate Abilities, Weirdness & Mutations

You reflexively headbutt those who attack you in melee.
You have a pair of horns on your head.


Message History

* * * LOW HITPOINT WARNING * * *
The orc warrior hits you from afar with a +0 glaive.
* * * LOW HITPOINT WARNING * * *
You see here a +0 ring mail.
The orc priest hits you.
* * * LOW HITPOINT WARNING * * *
Your skin crawls.
You feel resistant to hostile enchantments.
You feel quite a bit more hungry. The orc warrior closely misses you.
The orc priest closely misses you.
You are too injured to fight recklessly!
You are too injured to fight recklessly!
You slash the orc priest!
You kill the orc priest!
Trog accepts your kill.
You are feeling very hungry.
The orc warrior hits you but does no damage.
You eat one of the 7 rations.
That ration really hit the spot!
The orc warrior hits you from afar with a +0 glaive!
You die...

###### ..... #..#
###..### #....o.#
#.#..#).......
###
#.##.#.@###.##...
..# #...........#
#.# ######.######
#.# #.# #.#
#####.#
########.#
#.....#
####......#.#
#.###.#
#...>.###.#.# #.#
#.# #.....###....
#.###.#
#.......#.#.#


You could see an orc warrior.

Vanquished Creatures
  Grinder (D:3)
  Sigmund (D:3)
  Eustachio (D:4)
  Edmund (D:6)
  A water moccasin (D:6)
  Duvessa (D:4)
  A phantom (D:5)
  A sky beast (D:5)
  2 ogres (D:4)
  Dowan (D:4)
  A scorpion (D:6)
  3 crimson imps
  4 orc priests
  4 orc wizards
  A bullfrog skeleton (D:5)
  3 iguanas (D:5)
  3 worker ants
  A killer bee zombie (D:5)
  2 hound skeletons (D:5)
  Robin (D:3)
  7 adders
  A shadow imp (D:3)
  4 oozes
  An adder skeleton (D:5)
  4 worms
  6 dart slugs
  4 leopard geckos
  22 orcs
  4 giant cockroaches
  24 goblins
  8 hobgoblins
  6 jackals
  9 kobolds
  4 quokkas
  A ball python zombie (D:5)
  10 bats
  5 frilled lizards
  A jackal skeleton (D:4)
  7 rats
162 creatures vanquished.

Vanquished Creatures (others)
  An orc wizard (D:5)
1 creature vanquished.

Grand Total: 163 creatures vanquished

Notes
Turn   | Place    | Note
-------+----------+-------------------------------------------
     0 | D:1      | kitty14015 the Minotaur Berserker began the quest for the
                  | Orb.
     0 | D:1      | Reached XP level 1. HP: 19/19 MP: 0/0
   157 | D:1      | Reached XP level 2. HP: 23/27 MP: 1/1
   710 | D:1      | Reached XP level 3. HP: 32/33 MP: 2/2
  1056 | D:2      | Found a shattered altar of Ashenzari.
  1068 | D:2      | Reached ** piety under Trog
  1342 | D:2      | Reached XP level 4. HP: 39/41 MP: 3/3
  1647 | D:3      | Reached skill level 5 in Axes
  2127 | D:3      | Reached XP level 5. HP: 47/47 MP: 4/4
  2154 | D:3      | Reached skill level 5 in Fighting
  2208 | D:3      | Noticed Robin
  2224 | D:3      | Reached *** piety under Trog
  2238 | D:3      | Killed Robin
  2454 | D:3      | Noticed Sigmund
  2471 | D:3      | Killed Sigmund
  2471 | D:3      | Reached skill level 1 in Throwing
  2471 | D:3      | Reached XP level 6. HP: 56/56 MP: 5/5
  2911 | D:3      | Noticed Grinder
  2924 | D:3      | Paralysed by Grinder for 6 turns
  2939 | D:3      | Killed Grinder
  2939 | D:3      | Reached XP level 7. HP: 24/61 MP: 6/6
  3567 | D:4      | Noticed Duvessa
  3568 | D:4      | Noticed Dowan
  3596 | D:4      | Killed Duvessa
  3600 | D:4      | Killed Dowan
  3773 | D:4      | Reached skill level 1 in Long Blades
  3901 | D:4      | Found a shattered altar of Ashenzari.
  3902 | D:4      | Found an ornate altar of the Wu Jian Council.
  3903 | D:4      | Found a glowing golden altar of the Shining One.
  3928 | D:4      | Noticed Eustachio
  3983 | D:4      | Killed Eustachio
  4084 | D:4      | Reached skill level 5 in Armour
  4368 | D:4      | Reached XP level 8. HP: 67/70 MP: 7/7
  4605 | D:4      | Found a shimmering blue altar of Sif Muna.
  4710 | D:5      | Entered Level 5 of the Dungeon
  4769 | D:5      | Reached **** piety under Trog
  4959 | D:5      | Reached skill level 5 in Long Blades
  5684 | D:6      | Found a staircase to the Ecumenical Temple.
  5934 | D:6      | Reached XP level 9. HP: 79/79 MP: 8/8
  6109 | D:6      | Noticed Edmund
  6127 | D:6      | Killed Edmund
  6145 | D:6      | Slain by an orc warrior

Illustrated notes

Levels and vault maps discovered:
D:1:      denvon_arrival_planthouse, layout_basic, st_stairs_5, minivault_26
D:2:      layout_rooms, ashenzari_altar_1
D:3:      kennysheep_goblin_castle, layout_basic, minmay_box_of_dots,
          uniq_grinder, uniq_sigmund
D:4:      layout_basic, chequers_temple_overflow_statue_of_worship,
          uniq_duvessa, uniq_eustachio
D:5:      layout_cave_pools, first_ration
D:6:      layout_loops_cross, temple_green, uniq_edmund

Skill      XL: |  1  2  3  4  5  6  7  8  9 |
---------------+----------------------------+-----
Axes           | 4 5 6 7 |  7.8
Fighting       | 4 5 6 7 |  7.2
Throwing       | 1 2 |  2.7
Armour         | 3 5 6 7 |  7.1
Long Blades    | 2 7 |  7.3
Dodging        | |  2.8

Action                   |  1- 3 |  4- 6 |  7- 9 || total
-------------------------+-------+-------+-------++-------
Melee: Hand axe          |    70 |   126 |     1 ||   197
       Headbutt          |    11 |    21 |    60 ||    92
       Falchion          |       |       |   254 ||   254
Throw: Stone             |       |    17 |     2 ||    19
       Dart              |       |    12 |     2 ||    14
Invok: Berserk           |       |     2 |       ||     2
       Trog's Hand       |       |       |     3 ||     3
  Use: Scroll            |       |       |     5 ||     5
  Eat: Chunk             |     1 |     5 |     3 ||     9
       Ration            |       |     1 |     3 ||     4
Armor: Animal skin       |     7 |       |       ||     7
       Scale mail        |     3 |    21 |       ||    24
       Plate armour      |       |    61 |   213 ||   274
Dodge: Dodged            |    56 |    59 |   108 ||   223
       Rpst.: Falchion   |       |       |    30 ||    30
